 Dungeon Crawl Stone Soup version 0.23.2-1-ga50397a (webtiles) character file.

Game seed: 8778414411958358354

8883 MajorAdolf the Covert (level 11, -1/94 HPs)
             Began as a Naga Wanderer on Apr 25, 2019.
             Was an Elder of Dithmenos.
             Slain by a bullfrog (7 damage)
             ... on level 11 of the Dungeon.
             The game lasted 00:57:13 (17152 turns).

MajorAdolf the Covert (Naga Wanderer)              Turns: 17152, Time: 00:57:13

Health: -1/94      AC:  8    Str: 13    XL:     11   Next: 37%
Magic:  19/19      EV:  8    Int: 16    God:    Dithmenos [****..]
Gold:   655        SH:  9    Dex: 12    Spells: 11/21 levels left

rFire    . . .     SeeInvis +   a - +6 dagger
rCold    . . .     Gourm    .   H - +0 shield
rNeg     . . .     Faith    .   s - +2 robe {MR+}
rPois    +         Spirit   .   i - +0 helmet
rElec    .         Reflect  .   K - +0 cloak
rCorr    .         Harm     .   (no gloves)
MR       ++...                  (no barding)
Stlth    +++++++...             (no amulet)
HPRegen  0.25/turn              (no ring)
MPRegen  0.16/turn              (no ring)

@: wreathed by umbra, lightly drained, very slow
A: large, see invisible, deformed body, poison resistance, slowness 2, slow
metabolism 1, spit poison 1, AC +3
a: Spit Poison, Shadow Step, Renounce Religion


You were on level 11 of the Dungeon.
You worshipped Dithmenos.
Dithmenos was greatly pleased with you.
You were not hungry.

You visited 2 branches of the dungeon, and saw 12 of its levels.
You also visited: Ossuary.

You collected 803 gold pieces.
You spent 148 gold pieces at shops.

Inventory:

Hand Weapons
 a - a +6 dagger (weapon)
 b - a +3 scimitar
 C - a +4 falchion
Missiles
 w - 33 tomahawks (quivered)
Armour
 i - a +0 helmet (worn)
 n - a +3 buckler
 s - a +2 robe of magic resistance (worn)
 z - a +2 robe of resistance
 H - a +0 shield (worn)
 I - a +0 large shield
 K - a +0 cloak (worn)
 M - a +2 buckler
 O - the +1 robe of Vanity {*Drain +Blink rN+ Str+3}
   (You bought it in a shop on level 8 of the Dungeon)

   It affects your strength (+3).
   It protects you from negative energy.
   It lets you blink.
   It causes draining when unequipped.
 P - +0 steam dragon scales
Magical Staves
 o - an uncursed staff of poison {unknown}
Jewellery
 c - an uncursed ring of ice
 m - an uncursed ring of see invisible {unknown}
 Q - an uncursed ring of flight {unknown}
Wands
 f - a wand of polymorph (11)
 u - a wand of digging (4)
 E - a wand of paralysis (17)
Scrolls
 d - 2 scrolls of identify
 h - 4 scrolls of remove curse
 k - a scroll of fear
 t - a scroll of enchant armour
 v - 6 scrolls of teleportation
 y - 3 scrolls of fog
 B - 2 scrolls of amnesia {unknown}
 D - a scroll of magic mapping {unknown}
 L - a scroll of acquirement {unknown}
 N - a scroll of enchant weapon
Potions
 e - 4 potions of curing
 j - a potion of haste
 l - 3 potions of cancellation
 p - 2 potions of heal wounds
 q - 3 potions of mutation
 r - 2 potions of degeneration
 x - 2 potions of flight
 A - 3 potions of magic {unknown}
 F - 5 potions of ambrosia
 G - 4 potions of might
 J - a potion of agility {unknown}
Comestibles
 g - 13 rations
 R - 2 chunks of flesh


   Skills:
 - Level 5.0(4.5) Fighting
 + Level 9.9(9.4) Short Blades
   Level 1.0(0.6) Crossbows
 - Level 1.0(0.6) Dodging
 - Level 12.1(11.6) Stealth
 + Level 5.3(4.9) Shields
 + Level 5.5(5.0) Spellcasting
 + Level 6.1(5.6) Conjurations
 + Level 1.7(1.3) Fire Magic
 - Level 2.0(1.6) Air Magic
 - Level 3.0(2.5) Poison Magic
 + Level 2.9(2.4) Invocations
 - Level 1.0(0.6) Evocations


You had 11 spell levels left.
You knew the following spells:

 Your Spells              Type           Power        Failure   Level  Hunger
a - Blink                 Tloc           N/A          50%         2    #......
b - Mephitic Cloud        Conj/Pois/Air  ##......     28%         3    ###....
c - Apportation           Tloc           #.....       36%         1    None
d - Confusing Touch       Hex            #.....       36%         1    None
e - Conjure Flame         Conj/Fire      ###.....     26%         3    ###....

Your spell library contained the following spells:

 Spells                   Type           Power        Failure   Level  Hunger
 Magic Dart               Conj           ###.         3%          1    None
 Stone Arrow              Conj/Erth      ##....       34%         3    ###....
 Animate Skeleton         Necr           N/A          36%         1    None
 Summon Small Mammal      Summ           #...         36%         1    None
 Call Imp                 Summ           #.......     50%         2    #......
 Corpse Rot               Necr           N/A          50%         2    #......
 Slow                     Hex            #.......     50%         2    #......
 Leda's Liquefaction      Hex/Erth       #.........   98%         4    ####...
 Summon Forest            Summ/Tloc      #.........   100%        5    ######.
 Hydra Form               Tmut           #.........   100%        6    #######
 Summon Hydra             Summ           #.........   100%        7    #######


Dungeon Overview and Level Annotations

Branches:
Dungeon (11/15)            Temple (1/1) D:4            Lair (0/6) D:9
    Orc (0/2) D:10

Altars:
Ashenzari
Cheibriados
Dithmenos
Elyvilon
Fedhas
Gozag
Hepliaklqana
Kikubaaqudgha
Makhleb
Nemelex Xobeh
Okawaru
Qazlal
Ru
Sif Muna
Trog
Uskayaw
Vehumet
Wu Jian
Xom
Yredelemnul
Zin
The Shining One
Beogh

Shops:
D:5 (   D:8 [

Portals:
Trove: D:10 (lose all piety)

Annotations:
D:4 3 runed translucent doors, Kairos's ghost, amateur CeHu
D:5 3 runed translucent doors, Kairos's ghost, novice OpAs; whitdemon's ghost, amateur DrBe
D:8 exclusion: two-headed ogre
D:10 exclusions: orc and 1 more exclusion


Innate Abilities, Weirdness & Mutations

You cannot wear boots.
Your serpentine skin is tough. (AC +3)
You have supernaturally acute eyesight. (SInv)
Armour fits poorly on your strangely shaped body.
Your system is resistant to poisons. (rPois)
You cover ground very slowly.
You have a slow metabolism.
You can spit poison.


Message History

You destroy the shadow!
Dithmenos accepts your kill.
The bullfrog hits you but does no damage.
Unknown command.
You hit the bullfrog.
The bullfrog is lightly wounded.
The bullfrog releases a deep croak.
The bullfrog hits you.
* * * LOW HITPOINT WARNING * * *
You puncture the bullfrog!
The bullfrog is heavily wounded.
The bullfrog hits you but does no damage.
You hit the bullfrog.
The bullfrog is severely wounded.
The bullfrog hits you.
* * * LOW HITPOINT WARNING * * *
You closely miss the bullfrog.
The bullfrog is severely wounded.
The bullfrog hits you!
You die...

.F. .... ####
F...##..##
.......#
..... #.†#
##..## #..F.#
#.@..# #....#
##..########
##..##.....##
#...........#
+...........#
#...........#
#...........#
###.####...##


You could see a bullfrog.

Vanquished Creatures
  Fannar (D:10)
  A cyclops (D:10)
  Joseph (D:9)
  A troll (D:11)
  A hornet (D:7)
  Prince Ribbit (D:8)
  A hippogriff (D:9)
  A shadow (D:11)
  3 yaks
  2 steam dragons
  A fire bat (D:9)
  Menkaure (D:5)
  Duvessa (D:5)
  2 sky beasts
  2 orc warriors
  A black bear (D:9)
  2 ice beasts
  A necrophage (D:10)
  6 ogres
  A crocodile (D:8)
  A wolf (D:7)
  3 centaurs
  2 big kobolds
  An elf zombie (Ossuary)
  4 gnoll sergeants (D:7)
  3 bullfrogs
  Dowan (D:5)
  3 scorpions
  17 wights
  5 howler monkeys
  8 crimson imps
  A bullfrog zombie (D:6)
  7 hounds
  2 human zombies (Ossuary)
  A centaur zombie (Ossuary)
  A jelly (D:10)
  3 orc priests
  2 gnoll shamans (D:7)
  8 orc wizards
  6 iguanas
  Ijyb (D:5)
  18 worker ants
  5 hound zombies
  3 hound skeletons
  3 mummies (Ossuary)
  A howler monkey zombie (D:7)
  A worker ant zombie (D:8)
  3 howler monkey skeletons
  9 adders
  17 gnolls
  A shadow imp (D:9)
  An ooze (D:3)
  2 adder zombies (Ossuary)
  2 worms (D:3)
  3 dart slugs
  6 leopard geckos
  40 orcs
  5 bats
  7 giant cockroaches
  A gnoll zombie (Ossuary)
  5 goblins
  4 hobgoblins
  17 jackals
  3 quokkas
  2 ball pythons
  6 frilled lizards
  A goblin zombie (Ossuary)
  7 hobgoblin zombies (Ossuary)
  A jackal skeleton (D:8)
  5 jackal zombies
  13 kobolds
  3 kobold zombies (Ossuary)
  A quokka skeleton (D:9)
  5 quokka zombies (Ossuary)
  14 rats
  4 rat zombies (Ossuary)
330 creatures vanquished.

Vanquished Creatures (others)
  A withered plant (D:5)
1 creature vanquished.

Grand Total: 331 creatures vanquished

Notes
Turn   | Place    | Note
-------+----------+-------------------------------------------
     0 | D:1      | MajorAdolf the Naga Wanderer began the quest for the Orb.
     0 | D:1      | MajorAdolf set off with the following items: a +2 dagger, a
                  | potion of berserk rage, a +0 hand crossbow, 22 bolts, a
                  | potion of curing, a +0 robe, a ration
     0 | D:1      | Reached XP level 1. HP: 25/25 MP: 1/1
   248 | D:1      | Reached skill level 1 in Short Blades
   248 | D:1      | Reached XP level 2. HP: 31/32 MP: 2/2
   352 | D:1      | Reached skill level 4 in Stealth
  1107 | D:2      | Reached XP level 3. HP: 34/39 MP: 3/3
  2121 | D:3      | Reached skill level 5 in Stealth
  2121 | D:3      | Reached skill level 1 in Shields
  2121 | D:3      | Reached XP level 4. HP: 46/46 MP: 4/4
  2539 | D:3      | Reached XP level 5. HP: 42/52 MP: 5/5
  2718 | D:3      | You fall through a shaft for 3 floors!
  2739 | D:5      | Entered Level 5 of the Dungeon
  2745 | D:5      | Reached skill level 6 in Stealth
  2983 | D:5      | Reached XP level 6. HP: 30/61 MP: 6/6
  3477 | D:5      | Noticed Ijyb
  3692 | D:4      | Reached skill level 7 in Stealth
  4583 | D:4      | Found a runed translucent gate.
  4583 | D:4      | Found a runed translucent gate.
  4585 | D:4      | Found a runed translucent gate.
  4586 | D:4      | Noticed Kairos's ghost (amateur CeHu)
  4588 | D:4      | Identified the +9 spear "Jaegumerr" {drain, Int+4 Stlth+}
  4589 | D:4      | Found a roughly hewn altar of Beogh.
  4640 | D:4      | Found a radiant altar of Vehumet.
  4676 | D:4      | Reached XP level 7. HP: 32/67 MP: 7/7
  5040 | D:4      | Reached skill level 8 in Stealth
  5102 | D:4      | Found a staircase to the Ecumenical Temple.
  5111 | Temple   | Entered the Ecumenical Temple
  5119 | Temple   | Became a worshipper of Dithmenos the Shadowed
  5555 | D:4      | Found a stormy altar of Qazlal.
  5790 | D:5      | Noticed Menkaure
  5793 | D:5      | Killed Menkaure
  5793 | D:5      | Reached skill level 5 in Short Blades
  5799 | D:5      | Found Plog's Antique Weapon Emporium.
  5810 | D:5      | Reached skill level 9 in Stealth
  5940 | D:5      | Found a runed translucent gate.
  5942 | D:5      | Found a runed translucent gate.
  5942 | D:5      | Found a runed translucent gate.
  5945 | D:5      | Noticed Kairos's ghost (novice OpAs)
  5946 | D:5      | Noticed whitdemon's ghost (amateur DrBe)
  6016 | D:5      | Killed Ijyb
  6069 | D:5      | Reached XP level 8. HP: 74/74 MP: 8/8
  6380 | D:5      | Reached skill level 10 in Stealth
  6872 | D:6      | Reached * piety under Dithmenos
  6872 | D:6      | Reached skill level 11 in Stealth
  6939 | D:6      | Noticed Duvessa
  7091 | D:6      | Noticed Dowan
  7117 | D:5      | Killed Duvessa
  7117 | D:5      | Reached XP level 9. HP: 72/81 MP: 9/9
  7127 | D:5      | Killed Dowan
  7347 | D:6      | Reached skill level 12 in Stealth
  7521 | D:6      | Found a burning altar of Makhleb.
  7599 | D:6      | Learned a level 2 spell: Blink
  7603 | D:6      | Learned a level 3 spell: Mephitic Cloud
  7789 | D:6      | Reached skill level 1 in Poison Magic
  7794 | D:6      | Reached skill level 1 in Conjurations
  7794 | D:6      | Reached skill level 1 in Air Magic
  7873 | D:6      | Found an opulent altar of Gozag.
  7873 | D:6      | Found a sparkling altar of Nemelex Xobeh.
  7910 | D:7      | Reached skill level 1 in Spellcasting
  7940 | D:7      | Found a sand-covered staircase.
  7947 | Ossuary  | Entered an ossuary
  8271 | Ossuary  | Reached ** piety under Dithmenos
  8546 | D:7      | Noticed a hornet
 10248 | D:7      | Found a shimmering altar of Xom.
 10332 | D:7      | Reached *** piety under Dithmenos
 10447 | D:7      | Reached XP level 10. HP: 86/88 MP: 15/15
 10530 | D:7      | Found a shattered altar of Ashenzari.
 10539 | D:7      | Found an iron altar of Okawaru.
 10720 | D:7      | Found an ancient bone altar of Kikubaaqudgha.
 10906 | D:8      | Found a shadowy altar of Dithmenos.
 10963 | D:8      | Found a sacrificial altar of Ru.
 11271 | D:8      | Found Piky's Antique Armour Shop.
 11274 | D:8      | Bought a warped robe for 148 gold pieces
 11284 | D:8      | Identified the +1 robe of Vanity {*Drain +Blink rN+ Str+3}
                  | (You bought it in a shop on level 8 of the Dungeon)
 11478 | D:8      | Noticed a two-headed ogre
 11485 | D:8      | Found a glowing silver altar of Zin.
 11623 | D:9      | Noticed Prince Ribbit
 11773 | D:9      | Noticed Joseph
 12902 | D:8      | Killed Prince Ribbit
 13174 | D:9      | Found a staircase to the Lair.
 13196 | D:10     | Entered Level 10 of the Dungeon
 13235 | D:10     | Noticed Fannar
 13665 | D:9      | Reached **** piety under Dithmenos
 13670 | D:9      | Learned a level 1 spell: Apportation
 13672 | D:9      | Learned a level 1 spell: Confusing Touch
 14060 | D:9      | Reached skill level 5 in Conjurations
 14240 | D:9      | Killed Joseph
 14413 | D:10     | Found a staircase to the Orcish Mines.
 14536 | D:10     | Killed Fannar
 14536 | D:10     | Reached skill level 5 in Spellcasting
 14536 | D:10     | Reached skill level 1 in Invocations
 14536 | D:10     | Reached XP level 11. HP: 63/94 MP: 18/18
 14640 | D:10     | Reached skill level 5 in Shields
 14783 | D:10     | Learned a level 3 spell: Conjure Flame
 15721 | D:9      | Reached skill level 1 in Fire Magic
 16690 | D:10     | Noticed a cyclops
 16703 | D:10     | Killed a cyclops
 16874 | D:10     | Found a portal to a secret trove of treasure.
 17142 | D:11     | HP: 4/93 [bullfrog (8)]
 17152 | D:11     | Slain by a bullfrog

Skill      XL: |  1  2  3  4  5  6  7  8  9 10 11 |
---------------+----------------------------------+-----
Short Blades   | 1 2 3 4 5 7 8 9 |  9.9
Stealth        | 4 5 6 7 9 11 12 | 12.1
Shields        | 1 2 4 5 |  5.3
Poison Magic   | 3 |  3.0
Conjurations   | 3 5 6 |  6.1
Air Magic      | 2 |  2.0
Spellcasting   | 3 5 |  5.5
Invocations    | 1 2 |  2.9
Fire Magic     | 1 |  1.7
Fighting       | |  5.0
Crossbows      | |  1.0
Dodging        | |  1.0
Evocations     | |  1.0

Action                   |  1- 3 |  4- 6 |  7- 9 | 10-12 || total
-------------------------+-------+-------+-------+-------++-------
Melee: Dagger            |    73 |   171 |   584 |   540 ||  1368
 Cast: Mephitic Cloud    |       |       |       |     4 ||     4
       Conjure Flame     |       |       |       |     1 ||     1
 Abil: Spit Poison       |    36 |    62 |    30 |    25 ||   153
Evoke: Wand              |       |       |       |     5 ||     5
  Use: Scroll            |       |    13 |     5 |     4 ||    22
       Potion            |       |       |     4 |     3 ||     7
 Stab: Sleeping          |       |     6 |    42 |    18 ||    66
       Distracted        |       |     1 |       |     1 ||     2
       Confused          |       |       |       |     7 ||     7
  Eat: Chunk             |     5 |    10 |    17 |    15 ||    47
       Ration            |       |       |       |     1 ||     1
Armor: Robe              |    10 |    17 |   106 |   115 ||   248
Dodge: Dodged            |    26 |    57 |   154 |   119 ||   356
Block: Buckler           |    10 |    39 |   114 |       ||   163
       Large shield      |       |       |    13 |    11 ||    24
       Shield            |       |       |       |   167 ||   167
